[Event "Titled Tuesday Blitz April 4 Late 2023"]
[White "Rios Escobar, Adan"]
[Black "Bryakin, Mikhail"]
[WhiteFideId "3403645"]
[BlackFideId "4165314"]
[WhiteElo "2451"]
[BlackElo "2447"]
[Result "1-0"]
[Round "02"]
[TimeControl "180+2"]
[Date "2023.04.04"]
[WhiteClock "0:00:08"]
[BlackClock "0:01:11"]

1. d4 f5 2. g3 Nf6 3. Bg2 g6 4. Nf3 Bg7 5. O-O O-O 6. b3 d6 7. Bb2 c6 8. Nbd2 Nbd7 9. Re1 d5 10. c4 Ne4 11. Ne5 Nxe5 12. dxe5 e6 13. Rc1 a5 14. f3 Nxd2 15. Qxd2 a4 16. Bc3 g5 17. e4 dxe4 18. fxe4 Qxd2 19. Bxd2 f4 20. gxf4 gxf4 21. Bb4 Rf7 22. Bf3 Bxe5 23. Rcd1 Bd7 24. Kf2 axb3 25. Rg1+ Kh8 26. axb3 Ra2+ 27. Kf1 Rxh2 28. Bg4 b6 29. Bxe6 Rg7 30. Rxd7 Rxg1+ 31. Kxg1 Rb2 32. Bf8 f3 33. Rd8 Bf6 34. Be7+ Kg7 35. Rg8+ Kh6 36. Bxf6 Re2 37. Bf5 b5 38. Rg3 f2+ 39. Kf1 Re1+ 40. Kxf2 Rh1 41. Kg2 Rh5 42. Rh3 Rxh3 43. Kxh3 1-0


[Site "https://www.chess.com"]

[Event "Titled Tuesday Blitz April 4 Late 2023"]
[White "Lamard, Guillaume"]
[Black "Silva, Caio Henrique Angelico"]
[WhiteFideId "600261"]
[BlackFideId "22777210"]
[WhiteElo "2413"]
[BlackElo "2096"]
[Result "1/2-1/2"]
[Round "02"]
[TimeControl "180+2"]
[Date "2023.04.04"]
[WhiteClock "0:01:20"]
[BlackClock "0:00:52"]

1. d4 Nf6 2. c4 g6 3. Nf3 Bg7 4. Nc3 d5 5. Bg5 O-O 6. e3 c5 7. Bxf6 Bxf6 8. Nxd5 Bg7 9. Be2 cxd4 10. Nxd4 Nc6 11. Nxc6 bxc6 12. Nc3 Qa5 13. O-O Rb8 14. Qc2 Rxb2 15. Qxb2 Bxc3 16. Qb3 Bxa1 17. Rxa1 Be6 18. Rd1 Qc7 19. Bf3 Rb8 20. Qa4 c5 21. h4 Kg7 22. g3 Rb4 23. Qe8 Rb8 24. Qa4 Rb4 25. Qe8 Rb8 26. Qa4 1/2-1/2


[Site "https://www.chess.com"]

[Event "Titled Tuesday Blitz April 4 Late 2023"]
[White "Riff, Vincent"]
[Black "Hajiyev, Kanan"]
[WhiteFideId "617776"]
[BlackFideId "13404148"]
[WhiteElo "2369"]
[BlackElo "2103"]
[Result "1-0"]
[Round "02"]
[TimeControl "180+2"]
[Date "2023.04.04"]
[WhiteClock "0:01:14"]
[BlackClock "0:00:03"]

1. e4 c6 2. Nf3 d5 3. Nc3 a6 4. h3 h6 5. d4 dxe4 6. Nxe4 Bf5 7. Ng3 Bh7 8. Bc4 e6 9. O-O Nf6 10. Ne5 c5 11. Qe2 Nd5 12. Re1 Bg8 13. Nh5 cxd4 14. Nf4 Nxf4 15. Bxf4 Nc6 16. Rad1 Bc5 17. Nxc6 bxc6 18. Qe5 Bf8 19. Rxd4 Qf6 20. Qe4 Rc8 21. Bxa6 1-0


[Site "https://www.chess.com"]

[Event "Titled Tuesday Blitz April 4 Late 2023"]
[White "Jimenez Jimenez, Leandro"]
[Black "Adewumi, Tanitoluwa"]
[WhiteFideId "6415253"]
[BlackFideId "30966396"]
[WhiteElo "2263"]
[BlackElo "2728"]
[Result "1-0"]
[Round "02"]
[TimeControl "180+2"]
[Date "2023.04.04"]
[WhiteClock "0:00:37"]
[BlackClock "0:00:02"]

1. d4 Nf6 2. c4 e6 3. Nf3 b6 4. g3 Ba6 5. Qc2 Bb7 6. Bg2 c5 7. O-O cxd4 8. Nxd4 Bxg2 9. Kxg2 Qc8 10. Rd1 Nc6 11. Nb5 d5 12. Bf4 e5 13. cxd5 Nb4 14. Qa4 Nd7 15. Bxe5 Na6 16. Qxa6 Qxa6 17. Nc7+ Kd8 18. Nxa6 Nxe5 19. Nc3 Nc4 20. b3 Ne5 21. f4 Ng4 22. Rd3 1-0


[Site "https://www.chess.com"]

[Event "Titled Tuesday Blitz April 4 Late 2023"]
[White "koteRV1610"]
[Black "Abduzhaparov"]
[WhiteElo "2728"]
[BlackElo "2422"]
[Result "1-0"]
[Round "02"]
[TimeControl "180+2"]
[Date "2023.04.04"]
[WhiteClock "0:00:05"]
[BlackClock "0:00:02"]

1. d4 d6 2. c4 Nf6 3. Nc3 Nbd7 4. e4 e5 5. d5 Be7 6. Bd3 a5 7. Be3 b6 8. Nge2 Ng4 9. Bd2 Bg5 10. Ng3 Bxd2+ 11. Qxd2 Nc5 12. Bc2 Bd7 13. h3 Nh6 14. O-O O-O 15. f4 exf4 16. Qxf4 Qe7 17. b3 Qe5 18. Qxe5 dxe5 19. a3 f6 20. b4 Nb7 21. Ba4 Rfd8 22. Bxd7 Rxd7 23. Na4 axb4 24. axb4 Rdd8 25. c5 bxc5 26. bxc5 Ra5 27. c6 Nd6 28. Nc3 Rc5 29. Nce2 Nc8 30. Ra8 Nf7 31. Rfa1 Rb5 32. Nf5 Kf8 33. Nc3 Rb3 34. Na4 g6 35. Nc5 gxf5 36. Nxb3 fxe4 37. Nc5 Ke7 38. Ne6 Rg8 39. Nxc7 f5 40. Nb5 f4 41. Na7 f3 42. Rxc8 Rxg2+ 43. Kf1 Rh2 44. Ra3 1-0


[Site "https://www.chess.com"]

[Event "Titled Tuesday Blitz April 4 Late 2023"]
[White "Senft, Sean"]
[Black "Bolourchifard, Farzad"]
[WhiteFideId "2044960"]
[BlackFideId "12510084"]
[WhiteElo "1989"]
[BlackElo "2317"]
[Result "0-1"]
[Round "02"]
[TimeControl "180+2"]
[Date "2023.04.04"]
[WhiteClock "0:00:10"]
[BlackClock "0:00:23"]

1. d4 Nf6 2. c4 e6 3. Nc3 Bb4 4. Nf3 O-O 5. Bg5 b6 6. e3 Bb7 7. Bd3 d6 8. Qc2 h6 9. Bh4 Nbd7 10. O-O Bxc3 11. Qxc3 Re8 12. Nd2 e5 13. d5 a5 14. Rae1 e4 15. Bb1 Rc8 16. f3 Nxd5 17. cxd5 Qxh4 18. fxe4 Ne5 19. Nf3 Qh5 20. Nd4 g6 21. Rf4 Re7 22. Ref1 Rf8 23. Bc2 Qg5 24. Qe1 Ba6 25. h4 Qh5 26. Bd1 Nd3 27. Bxh5 Nxe1 28. Rxe1 gxh5 29. Nf5 Re5 30. Nxh6+ Kg7 31. Nf5+ Kg6 32. Rd1 Bc8 33. Ng3 Bg4 34. Rd2 Rfe8 35. Rdf2 R8e7 36. Rf6+ Kg7 37. R2f4 a4 38. a3 Kg8 39. Nf5 Bxf5 40. R4xf5 Rxe4 41. Rg5+ Kf8 42. Rh6 R7e5 43. Rh8+ Ke7 44. Rg7 Rxe3 45. Rc8 Re1+ 46. Kh2 Rc1 47. Rh8 Rxd5 48. Rhh7 Rf5 49. Rg5 Rcc5 50. Rhxh5 Rxg5 51. hxg5 Ke6 52. Kg3 Kf5 53. Rh7 Kg6 54. Rh8 Rxg5+ 55. Kf4 Rc5 56. Re8 Kf6 57. Re2 b5 58. g4 Rc4+ 59. Kf3 Kg5 60. Rg2 c6 61. Rg1 Rf4+ 62. Ke3 Rxg4 63. Rd1 d5 64. Rc1 Rc4 65. Rg1+ Kf6 66. Rf1+ Ke6 67. Kd3 f5 68. Re1+ Kf6 69. Re8 f4 70. Rg8 Kf5 71. Rf8+ Kg4 72. Rg8+ Kf3 73. Rc8 Kf2 74. Rf8 f3 75. b4 axb3 76. a4 bxa4 77. Rh8 b2 78. Rh2+ Kg3 79. Rxb2 f2 80. Rb1 Kg2 81. Rb2 Kg1 82. Rxf2 Kxf2 0-1


[Site "https://www.chess.com"]

[Event "Titled Tuesday Blitz April 4 Late 2023"]
[White "Bakalchuk, Johnatan"]
[Black "Qiao, Cindy"]
[WhiteFideId "2810301"]
[BlackFideId "2620243"]
[WhiteElo "2450"]
[BlackElo "1777"]
[Result "1-0"]
[Round "02"]
[TimeControl "180+2"]
[Date "2023.04.04"]
[WhiteClock "0:00:04"]
[BlackClock "0:00:16"]

1. c4 e5 2. g3 Nf6 3. Bg2 Bc5 4. Nc3 d6 5. Nf3 O-O 6. O-O Nc6 7. d3 Bg4 8. Bg5 h6 9. Bxf6 Qxf6 10. Nd2 Bb6 11. Nd5 Qd8 12. b4 Nd4 13. Re1 c6 14. Nxb6 axb6 15. h3 Bh5 16. a4 Qd7 17. b5 Rfe8 18. Nb3 Ne6 19. Kh2 Nc5 20. Nxc5 bxc5 21. Qb3 Bg6 22. Reb1 e4 23. a5 d5 24. bxc6 bxc6 25. Qb7 Qe6 26. Rb6 Rec8 27. cxd5 Qxd5 28. Ra4 c4 29. a6 cxd3 30. exd3 Qxd3 31. a7 e3 32. Qxa8 Rxa8 33. Rb8+ Rxb8 34. axb8=Q+ Kh7 35. fxe3 Qxe3 36. Qf4 Qe6 37. Rc4 c5 38. Rxc5 Qe2 39. Re5 Qa6 40. Re3 Qb6 41. h4 Qc5 42. Qf2 Qd4 43. Qe1 Qf6 44. Be4 Bxe4 45. Rxe4 Qg6 46. Qe2 f5 47. Rf4 Qf6 48. Qf3 Kg6 49. Qf2 Qe5 50. Kh3 Kf6 51. g4 Qc3+ 52. Rf3 Qd4 53. Rxf5+ 1-0


[Site "https://www.chess.com"]

[Event "Titled Tuesday Blitz April 4 Late 2023"]
[White "Klukin, Kirill"]
[Black "Lopez Del Alamo, Antonio"]
[WhiteFideId "24199273"]
[BlackFideId "2227339"]
[WhiteElo "2344"]
[BlackElo "2175"]
[Result "1-0"]
[Round "02"]
[TimeControl "180+2"]
[Date "2023.04.04"]
[WhiteClock "0:01:03"]
[BlackClock "0:00:16"]

1. f4 d5 2. Nf3 Nf6 3. g3 g6 4. Bg2 Bg7 5. O-O O-O 6. d3 c5 7. Nc3 d4 8. Na4 Qc7 9. c4 Nbd7 10. a3 Rb8 11. b4 b6 12. Rb1 Bb7 13. Bd2 Ng4 14. Bh3 h5 15. Bg2 e5 16. h3 Bxf3 17. Bxf3 Ne3 18. Bxe3 dxe3 19. Nc3 exf4 20. Nd5 Qd6 21. gxf4 Nf6 22. Qe1 Kh7 23. Qg3 Bh6 24. Kh1 Nxd5 25. Bxd5 g5 26. Qxe3 Rbe8 27. Qf3 f5 28. fxg5 Bxg5 29. Qxh5+ Bh6 30. Rg1 Re3 31. bxc5 Qf6 32. cxb6 axb6 33. c5 f4 34. Rxb6 1-0


[Site "https://www.chess.com"]

[Event "Titled Tuesday Blitz April 4 Late 2023"]
[White "Li, Hui"]
[Black "Aydincelebi, Kagan"]
[WhiteFideId "15400310"]
[BlackFideId "6361102"]
[WhiteElo "1967"]
[BlackElo "2180"]
[Result "0-1"]
[Round "02"]
[TimeControl "180+2"]
[Date "2023.04.04"]
[WhiteClock "0:00:03"]
[BlackClock "0:00:42"]

1. e4 c5 2. Nf3 Nc6 3. d4 cxd4 4. Nxd4 Nf6 5. Nc3 d6 6. Be2 e5 7. Nb3 Be7 8. O-O O-O 9. Be3 Be6 10. f3 a5 11. Nd2 d5 12. exd5 Nxd5 13. Nxd5 Bxd5 14. Nc4 Nd4 15. Nxe5 Nxe2+ 16. Qxe2 Bf6 17. Nd3 Re8 18. Qf2 Bc4 19. Rad1 Qc7 20. Kh1 b5 21. Bd4 Bg5 22. Rfe1 Bxa2 23. Qg3 Qxg3 24. hxg3 Bc4 25. Kg1 h5 26. Kf2 a4 27. Re5 Rxe5 28. Nxe5 Be6 29. Rh1 Rd8 30. c3 g6 31. g4 h4 32. Nc6 Rc8 33. Nb4 Be7 34. Re1 Bd6 35. Kg1 Bg3 36. Bf2 Rd8 37. Nc6 Rd2 38. Bxg3 hxg3 39. Nd4 Rxb2 40. Nxe6 fxe6 41. Kf1 a3 42. Rxe6 a2 43. Re8+ Kf7 44. Ra8 Rb1+ 45. Ke2 a1=Q 0-1


[Site "https://www.chess.com"]

[Event "Titled Tuesday Blitz April 4 Late 2023"]
[White "Weisz, Bryan"]
[Black "Hansen, Sune Berg"]
[WhiteFideId "30934133"]
[BlackFideId "1400266"]
[WhiteElo "2349"]
[BlackElo "2715"]
[Result "0-1"]
[Round "02"]
[TimeControl "180+2"]
[Date "2023.04.04"]
[WhiteClock "0:00:52"]
[BlackClock "0:01:57"]

1. e4 e5 2. Nf3 Nc6 3. Bc4 Nf6 4. d4 exd4 5. O-O Nxe4 6. Re1 d5 7. Bxd5 Qxd5 8. Nc3 Qh5 9. Nxe4 Be6 10. Bg5 Bd6 11. Nxd6+ cxd6 12. Bf4 Qd5 13. c3 O-O 14. Nxd4 Nxd4 15. Qxd4 Qxd4 16. cxd4 Rfd8 17. Rec1 Rd7 18. Rc3 f6 19. b3 Bd5 20. Rac1 g5 21. Bg3 Re8 22. Re3 Rxe3 23. fxe3 Kf7 24. Kf2 Bc6 25. b4 a6 26. h4 h6 27. hxg5 hxg5 28. Rh1 Ke6 29. Rh6 Rc7 30. Bh2 Be4 31. d5+ Bxd5 32. Rh8 Rc2+ 33. Kg3 Rxg2+ 34. Kh3 g4+ 0-1


[Site "https://www.chess.com"]

[Event "Titled Tuesday Blitz April 4 Late 2023"]
[White "Iliaguev, Nisim"]
[Black "Smith, Garrett L"]
[WhiteFideId "2817276"]
[BlackFideId "2024829"]
[WhiteElo "2241"]
[BlackElo "2327"]
[Result "1-0"]
[Round "02"]
[TimeControl "180+2"]
[Date "2023.04.04"]
[WhiteClock "0:00:15"]
[BlackClock "0:00:09"]

1. d4 Nf6 2. Nf3 g6 3. g3 c6 4. c4 d5 5. cxd5 cxd5 6. Bg2 Bg7 7. O-O O-O 8. Nc3 Ne4 9. Ne5 Nxc3 10. bxc3 Nc6 11. Nxc6 bxc6 12. a4 Ba6 13. Ba3 Re8 14. Re1 e5 15. e3 h5 16. h4 Rb8 17. Bc5 Rb7 18. Qd2 Bc4 19. a5 a6 20. Bb6 Qd7 21. Reb1 f5 22. Bf1 Bb5 23. Qc2 Bxf1 24. Rxf1 Kh7 25. Qd3 f4 26. exf4 exf4 27. Rfe1 Rf8 28. Re2 Qh3 29. Rd2 Rbf7 30. gxf4 Qxh4 31. Qg3 Rxf4 32. Qxh4 Rxh4 33. Re1 Rg4+ 34. Kf1 Rf7 35. Re6 h4 36. Rd3 g5 37. Bc5 Rgf4 38. Re2 g4 39. Bd6 Rf3 40. Rxf3 Rxf3 41. Re7 Kg6 42. Re6+ Kf5 43. Re7 Kf6 44. Rc7 g3 45. Rxc6 Rxf2+ 46. Kg1 Kf5 47. Rc7 Bf6 48. Rf7 Kg4 49. Rf8 h3 50. Rg8+ Bg5 51. Bxg3 Rg2+ 52. Kh1 Rxg3 53. Rg6 Kf4 54. Rxa6 Bh4 55. Rh6 Kg4 56. a6 Rxc3 57. Rg6+ Kf3 58. Kh2 Bf2 59. Kxh3 Bxd4 60. Rg3+ 1-0


[Site "https://www.chess.com"]

[Event "Titled Tuesday Blitz April 4 Late 2023"]
[White "Arun, Siddharth"]
[Black "Nazari, Arad"]
[WhiteFideId "2079178"]
[BlackFideId "12577324"]
[WhiteElo "2319"]
[BlackElo "2242"]
[Result "0-1"]
[Round "02"]
[TimeControl "180+2"]
[Date "2023.04.04"]
[WhiteClock "0:00:24"]
[BlackClock "0:01:16"]

1. d4 Nf6 2. Nc3 d5 3. Bf4 g6 4. e3 Bg7 5. Nb5 Na6 6. h3 O-O 7. Nf3 c6 8. Nc3 Nc7 9. Be2 b5 10. a3 a5 11. O-O Ba6 12. a4 b4 13. Na2 Ne6 14. Be5 c5 15. dxc5 Nxc5 16. b3 Nfe4 17. Bxg7 Kxg7 18. Qd4+ f6 19. Bxa6 Rxa6 20. Ne1 e5 21. Qd1 Rd6 22. Nd3 d4 23. exd4 Rxd4 24. Nxc5 Nxc5 25. Qe2 Qd5 26. Qb5 Ne4 27. Qxd5 Rxd5 28. Rfd1 Rfd8 29. Rxd5 Rxd5 30. f3 Nc5 31. Rf1 f5 32. Nc1 Kf6 33. g3 e4 34. fxe4 Nxe4 35. Nd3 Nxg3 36. Re1 Ne4 37. Kg2 g5 38. Kf3 h6 39. h4 Rd8 40. hxg5+ hxg5 41. Rh1 Rc8 42. Rh6+ Kg7 43. Ra6 Rxc2 44. Rxa5 Nd2+ 45. Ke3 f4+ 46. Kd4 Nxb3+ 0-1


[Site "https://www.chess.com"]

[Event "Titled Tuesday Blitz April 4 Late 2023"]
[White "feuervogel1000000"]
[Black "Mindlin, Alon"]
[BlackFideId "2800071"]
[WhiteElo "2257"]
[BlackElo "2430"]
[Result "0-1"]
[Round "02"]
[TimeControl "180+2"]
[Date "2023.04.04"]
[WhiteClock "0:00:01"]
[BlackClock "0:00:10"]

1. e4 e5 2. Nf3 Nc6 3. Bb5 a6 4. Ba4 Nf6 5. O-O Be7 6. Re1 b5 7. Bb3 d6 8. c3 O-O 9. d4 Bg4 10. Be3 Bh5 11. Nbd2 Ng4 12. Bd5 Nxe3 13. Rxe3 Qe8 14. Bxc6 Qxc6 15. dxe5 Bg5 16. Rd3 Bxd2 17. Qxd2 Qxe4 18. Re1 Qb7 19. exd6 cxd6 20. Nd4 Rfe8 21. Rde3 Rxe3 22. Qxe3 Qd7 23. Nf5 h6 24. Qe4 Rd8 25. Qh4 Bg6 26. Ne7+ Kh7 27. Nxg6 fxg6 28. h3 Re8 29. Rxe8 Qxe8 30. Kf1 Qe6 31. b3 Qd5 32. Qd4 Qf5 33. Qd2 d5 34. f3 a5 35. Kf2 Qb1 36. Ke3 Qg1+ 37. Qf2 Qd1 38. Qd2 Qb1 39. Kd4 Qf5 40. Kc5 d4+ 41. Kxd4 Qd7+ 42. Ke3 Qe7+ 43. Kf2 b4 44. c4 Qe5 45. g3 h5 46. f4 Qf5 47. Kg2 Qe4+ 48. Kh2 a4 49. Kg1 a3 50. Kf2 Qh1 51. Ke3 Qxh3 52. Kf3 Qh1+ 53. Ke3 Qg1+ 54. Qf2 Qc1+ 55. Qd2 Qb2 56. Kd3 Qb1+ 57. Ke3 Qf5 58. Qxb4 Qh3 59. Qe1 Qg2 60. Qf2 Qh1 61. Qe2 Qc1+ 62. Qd2 Qb1 63. Qc3 Qxa2 64. b4 Qb2 65. Kd3 Qb1+ 66. Qc2 a2 67. Kc3 a1=Q+ 0-1


[Site "https://www.chess.com"]

[Event "Titled Tuesday Blitz April 4 Late 2023"]
[White "Schmakel, Sam"]
[Black "mjelcic"]
[WhiteFideId "2039311"]
[WhiteElo "2356"]
[BlackElo "2222"]
[Result "1/2-1/2"]
[Round "02"]
[TimeControl "180+2"]
[Date "2023.04.04"]
[WhiteClock "0:00:22"]
[BlackClock "0:00:41"]

1. Nf3 d5 2. g3 Nf6 3. Bg2 Bf5 4. O-O c6 5. c4 Nbd7 6. cxd5 cxd5 7. Nc3 e6 8. d3 Be7 9. h3 O-O 10. Nh4 Bg6 11. Nxg6 hxg6 12. d4 Rc8 13. e4 Nxe4 14. Nxe4 dxe4 15. Bxe4 Qb6 16. Be3 Nf6 17. Bg2 Nd5 18. Bxd5 exd5 19. b3 Bf6 20. Qf3 Rfd8 21. Rac1 Rxc1 22. Rxc1 Bxd4 23. Bxd4 Qxd4 24. Rc7 Qf6 25. Qxf6 gxf6 26. Rxb7 d4 27. Kf1 d3 28. Ke1 Re8+ 29. Kd2 Re2+ 30. Kxd3 Rxa2 31. Ke3 Kg7 32. h4 f5 33. f3 Kf6 34. Rc7 Ke6 35. Kf4 Ra3 36. Rb7 Kf6 37. g4 fxg4 38. fxg4 a5 39. Rb6+ Kg7 40. h5 a4 41. bxa4 Rxa4+ 42. Kg3 gxh5 43. gxh5 Ra3+ 44. Kg4 Ra4+ 45. Kg5 Ra5+ 46. Kg4 Ra4+ 47. Kg5 Ra5+ 48. Kg4 Ra4+ 1/2-1/2


[Site "https://www.chess.com"]

[Event "Titled Tuesday Blitz April 4 Late 2023"]
[White "Djordjevic, Dejan N"]
[Black "Thomforde-Toates, Noah"]
[WhiteFideId "913316"]
[BlackFideId "30951992"]
[WhiteElo "2261"]
[BlackElo "2706"]
[Result "0-1"]
[Round "02"]
[TimeControl "180+2"]
[Date "2023.04.04"]
[WhiteClock "0:00:20"]
[BlackClock "0:01:34"]

1. e4 c5 2. Nc3 Nc6 3. g3 g6 4. Bg2 Bg7 5. Nge2 d6 6. O-O h5 7. h3 Nf6 8. d3 Bd7 9. f4 a6 10. Be3 Qc8 11. h4 Ng4 12. Bc1 Nd4 13. Kh1 Bc6 14. Nd5 Bxd5 15. exd5 Nf5 16. Rf3 e6 17. dxe6 Qxe6 18. Nc3 Nxg3+ 19. Rxg3 Nf2+ 20. Kh2 Nxd1 21. Nxd1 O-O-O 22. c3 Kb8 23. Ne3 Bf6 24. Rh3 d5 25. Bd2 d4 26. Nf1 dxc3 27. bxc3 Rd7 28. Be4 c4 29. Re1 cxd3 30. Bxd3 Qd6 31. Re2 Re7 32. Rg2 Rd8 33. Kh1 Bxh4 34. f5 Be1 35. Bf4 Qxf4 0-1


[Site "https://www.chess.com"]

[Event "Titled Tuesday Blitz April 4 Late 2023"]
[White "Beerdsen, Thomas"]
[Black "lolliNOPE"]
[WhiteFideId "1030108"]
[WhiteElo "2547"]
[BlackElo "2138"]
[Result "1-0"]
[Round "02"]
[TimeControl "180+2"]
[Date "2023.04.04"]
[WhiteClock "0:02:13"]
[BlackClock "0:01:07"]

1. a3 d5 2. b4 e5 3. Bb2 Bd6 4. c4 c6 5. cxd5 cxd5 6. Nc3 Nf6 7. Nb5 O-O 8. Nxd6 Qxd6 9. Nf3 Re8 10. e3 Nc6 11. Be2 e4 12. Nd4 Nxd4 13. Bxd4 Bd7 14. O-O a6 15. Qb3 Bb5 16. Bxb5 axb5 17. h3 Rec8 18. Bc5 Qe6 19. a4 bxa4 20. Rxa4 Nd7 21. Bd4 b5 22. Ra5 Qc6 23. Rfa1 Rxa5 24. bxa5 Nc5 25. Qc3 f6 26. Rc1 b4 27. Qxb4 1-0


[Site "https://www.chess.com"]

[Event "Titled Tuesday Blitz April 4 Late 2023"]
[White "Tarnowska, Aleksandra"]
[Black "Bronstein, Or"]
[WhiteFideId "1180967"]
[BlackFideId "2815770"]
[WhiteElo "1776"]
[BlackElo "2356"]
[Result "0-1"]
[Round "02"]
[TimeControl "180+2"]
[Date "2023.04.04"]
[WhiteClock "0:01:46"]
[BlackClock "0:02:51"]

1. e4 c6 2. d4 d5 3. Nc3 dxe4 4. Nxe4 Nf6 5. Nxf6+ exf6 6. Nf3 Bd6 7. Be3 O-O 8. Qd2 f5 9. O-O-O Nd7 10. Bd3 Nf6 11. h4 a5 12. h5 Nd5 13. Bg5 f6 14. Bh4 Bf4 0-1


[Site "https://www.chess.com"]

[Event "Titled Tuesday Blitz April 4 Late 2023"]
[White "tandercat"]
[Black "Matinian, Nikita"]
[BlackFideId "24129100"]
[WhiteElo "1938"]
[BlackElo "2422"]
[Result "0-1"]
[Round "02"]
[TimeControl "180+2"]
[Date "2023.04.04"]
[WhiteClock "0:00:01"]
[BlackClock "0:01:41"]

1. d4 Nf6 2. c4 e6 3. Nc3 Bb4 4. f3 c5 5. d5 b5 6. e4 O-O 7. Nh3 d6 8. Nf2 exd5 9. cxd5 a6 10. Be2 Ne8 11. O-O f5 12. a4 bxa4 13. Rxa4 Ra7 14. Na2 Bd7 15. Nxb4 Bxa4 16. Qxa4 cxb4 17. Qxb4 fxe4 18. Nxe4 h6 19. Be3 Re7 20. Bd4 Nd7 21. Bxa6 Ne5 22. h3 Kh8 23. Qc3 Qa8 24. Bb5 Qxd5 25. Bxe8 Rfxe8 0-1


[Site "https://www.chess.com"]

[Event "Titled Tuesday Blitz April 4 Late 2023"]
[White "Skvortsov, Andrei"]
[Black "Porat, Tori"]
[WhiteFideId "24108600"]
[BlackFideId "30982626"]
[WhiteElo "2259"]
[BlackElo "1752"]
[Result "1-0"]
[Round "02"]
[TimeControl "180+2"]
[Date "2023.04.04"]
[WhiteClock "0:02:04"]
[BlackClock "0:00:39"]

1. c4 e5 2. Nc3 Nc6 3. g3 f5 4. Bg2 Nf6 5. e3 Bc5 6. Nge2 O-O 7. d4 exd4 8. exd4 Bb4 9. O-O d6 10. a3 Bxc3 11. Nxc3 Ne7 12. Re1 Rb8 13. d5 Ng6 14. Bg5 h6 15. Be3 Ng4 16. Ne2 N6e5 17. Bxa7 Ra8 18. Bd4 Nxc4 19. h3 Nf6 20. Nf4 b6 21. Ne6 Bxe6 22. dxe6 Ne4 23. Bxe4 fxe4 24. Rxe4 Qe7 25. Bxg7 Kxg7 26. Rxc4 Ra5 27. Qc2 c5 28. Re1 b5 29. Rg4+ Kh8 30. Qg6 Qh7 31. e7 Rg8 32. Qxh7+ Kxh7 33. Rxg8 Kxg8 34. e8=Q+ 1-0


[Site "https://www.chess.com"]

[Event "Titled Tuesday Blitz April 4 Late 2023"]
[White "Xiong, Jeffery"]
[Black "Popov, Mikhail"]
[WhiteFideId "2047640"]
[BlackFideId "4146182"]
[WhiteElo "2726"]
[BlackElo "2244"]
[Result "1-0"]
[Round "02"]
[TimeControl "180+2"]
[Date "2023.04.04"]
[WhiteClock "0:01:32"]
[BlackClock "0:00:04"]

1. e4 e6 2. d4 d5 3. e5 c5 4. c3 Nc6 5. Nf3 Qb6 6. Be2 Nh6 7. Bxh6 gxh6 8. Qd2 cxd4 9. cxd4 Bg7 10. O-O O-O 11. Na3 f6 12. exf6 Rxf6 13. Nc2 Bd7 14. b4 Raf8 15. b5 Ne7 16. Ne5 Qd6 17. Ne3 Rf4 18. Nf3 Ng6 19. Rac1 Re4 20. g3 Bxb5 21. Bxb5 Rxf3 22. Rc8+ Rf8 23. Rxf8+ Nxf8 24. Nc2 Rg4 25. Be2 Rg6 26. Re1 Nd7 27. Bh5 Rf6 28. Bg4 Nf8 29. Qd3 Rg6 30. Bh5 Rf6 31. Kg2 a6 32. Ne3 Qb6 33. Nc2 Rf5 34. Bg4 Rf6 35. h4 Qd6 36. Re2 Qb6 37. Ne1 Qd6 38. Nf3 Nd7 39. Qe3 Nf8 40. Ne5 Qc7 41. Bh3 Qd6 42. Ng4 Rg6 43. Nh2 Rf6 44. Nf3 Rg6 45. Qb3 b5 46. a4 b4 47. a5 Nd7 48. Rb2 Nf6 49. Qxb4 Qxb4 50. Bxe6+ Kf8 51. Rxb4 Ne4 52. Bxd5 Nd6 53. Rb6 Nb5 54. Rb8+ Ke7 55. Ne5 Bxe5 56. dxe5 Nd4 57. Rb7+ Kd8 58. Rxh7 1-0


[Site "https://www.chess.com"]

[Event "Titled Tuesday Blitz April 4 Late 2023"]
[White "Leschinsky, Gary"]
[Black "Gadimbayli, Abdulla"]
[WhiteFideId "30951321"]
[BlackFideId "13404938"]
[WhiteElo "1855"]
[BlackElo "2390"]
[Result "0-1"]
[Round "02"]
[TimeControl "180+2"]
[Date "2023.04.04"]
[WhiteClock "0:00:18"]
[BlackClock "0:00:06"]

1. d4 Nf6 2. c4 Nc6 3. Nf3 e6 4. Nc3 g6 5. e4 d6 6. Be2 Bg7 7. O-O O-O 8. Bg5 Re8 9. Qd2 e5 10. dxe5 Nxe5 11. Nxe5 Rxe5 12. f4 Rxe4 13. Bxf6 Rxe2 14. Qxe2 Bxf6 15. Nd5 Be6 16. Nxf6+ Qxf6 17. b3 Re8 18. Qd2 b6 19. h3 h5 20. Rad1 a5 21. Qd4 Qf5 22. Rfe1 Qc2 23. Qd2 Qf5 24. Qf2 Kh7 25. Rf1 Bd7 26. Rde1 Be6 27. Qh4 Kg7 28. Rf2 Kf8 29. Kh2 a4 30. Re3 axb3 31. axb3 Ra8 32. g4 hxg4 33. hxg4 Qxg4 34. Qh8+ Ke7 35. Qxa8 Qh4+ 36. Kg2 Qg4+ 37. Rg3 Qd1 38. Qf3 Qc1 39. Qe3 Qb1 40. Qd4 Kd8 41. Re3 Bd7 42. Qf6+ Kc8 43. Qxf7 Bc6+ 44. Ref3 Qxb3 45. Qxg6 Kb7 46. f5 Qxc4 47. Qg3 Qf7 48. Qg5 Qd5 49. f6 Qxg5+ 0-1


[Site "https://www.chess.com"]

[Event "Titled Tuesday Blitz April 4 Late 2023"]
[White "Kilpatrick, Callum"]
[Black "Kovalevsky, Stanislav"]
[WhiteFideId "414425"]
[BlackFideId "13508598"]
[WhiteElo "2351"]
[BlackElo "2174"]
[Result "0-1"]
[Round "02"]
[TimeControl "180+2"]
[Date "2023.04.04"]
[WhiteClock "0:00:04"]
[BlackClock "0:00:17"]

1. e4 e6 2. d4 d5 3. Nd2 dxe4 4. Nxe4 Nf6 5. Nxf6+ gxf6 6. Nf3 Nc6 7. g3 Ne7 8. Bg2 Bd7 9. O-O Bc6 10. c4 Qd7 11. b4 O-O-O 12. b5 Be4 13. Qa4 Kb8 14. Be3 Nf5 15. c5 Bd3 16. c6 Qd5 17. cxb7 Qxb5 18. Qxb5 Bxb5 19. Rfb1 Bc6 20. Nd2 Bxg2 21. Kxg2 Nxd4 22. Nc4 Bc5 23. Na5 Rd6 24. Rc1 Bb6 25. Nc4 Rd5 26. a4 Nb3 27. Bxb6 axb6 28. Ne3 Rd3 29. Rd1 Rhd8 30. Rxd3 Rxd3 31. Rb1 Kxb7 32. h4 Ka6 33. h5 Ka5 34. h6 f5 35. Rh1 Kxa4 36. Rh5 f6 37. Rh4+ Rd4 38. Rh1 c5 39. Nc2 Rd2 40. Ne3 Nd4 41. Ra1+ Kb5 42. Ra7 f4 43. gxf4 Nf5 44. Nxf5 exf5 45. Rxh7 Rd8 46. Rf7 c4 47. Rxf6 c3 48. Rxf5+ Kb4 0-1


[Site "https://www.chess.com"]

[Event "Titled Tuesday Blitz April 4 Late 2023"]
[White "micke12a"]
[Black "Averjanov, Alexey"]
[BlackFideId "14109867"]
[WhiteElo "2333"]
[BlackElo "2661"]
[Result "1/2-1/2"]
[Round "02"]
[TimeControl "180+2"]
[Date "2023.04.04"]
[WhiteClock "0:00:16"]
[BlackClock "0:00:55"]

1. d4 d5 2. Nf3 Nf6 3. c4 dxc4 4. e3 e6 5. Bxc4 a6 6. O-O b5 7. Be2 Bb7 8. a4 b4 9. Nbd2 Nbd7 10. b3 c5 11. Bb2 Be7 12. Rc1 O-O 13. Nc4 Qc7 14. Nfe5 Rfd8 15. Bf3 Nxe5 16. Nxe5 Rac8 17. Bxb7 Qxb7 18. Qe2 Ne4 19. Rfd1 Nc3 20. Bxc3 bxc3 21. Rxc3 cxd4 22. Rxc8 Rxc8 23. Rxd4 Qxb3 24. g3 Qb1+ 25. Kg2 Qb7+ 26. Qf3 Qxf3+ 27. Nxf3 a5 28. Rd7 Kf8 29. Ra7 Bb4 30. Ne5 f6 31. Nd3 Rc3 32. Nxb4 axb4 33. Rb7 Rb3 34. a5 Ra3 35. a6 Rxa6 36. Rxb4 Ra7 37. Rb6 Kf7 38. Kf3 Rd7 39. h4 h5 40. Rb5 e5 41. Ke4 Kg6 42. Kf3 Rc7 43. Rb6 Rc4 44. Rb5 Ra4 45. Rb7 Ra2 46. Rc7 Rb2 47. Rd7 Rc2 48. Ra7 Rc1 49. Rb7 Ra1 50. Rc7 Ra2 51. Rb7 Ra3 52. Rc7 Ra4 53. Rb7 Ra5 54. Rc7 Rb5 55. Ra7 Rb8 56. Rc7 Ra8 57. Rb7 Rd8 58. Rc7 Rg8 59. Ra7 Kf5 60. Ra5 g5 61. e4+ Kg6 62. hxg5 Kxg5 63. Ke3 Rb8 64. f4+ Kg4 65. fxe5 fxe5 66. Rxe5 Rb3+ 67. Kd4 Rxg3 68. Re8 h4 69. e5 h3 70. Rg8+ Kf3 71. Rxg3+ Kxg3 72. e6 h2 73. e7 h1=Q 74. e8=Q Qa1+ 75. Kd5 Qa2+ 76. Kd6 Qa3+ 77. Kd7 Qd3+ 78. Ke7 Qe4+ 79. Kf8 Qf5+ 80. Qf7 Qc8+ 81. Qe8 Qc5+ 82. Qe7 Qf5+ 83. Qf7 Qc8+ 84. Qe8 Qc7 85. Qg6+ Kf4 86. Qf7+ Qxf7+ 87. Kxf7 1/2-1/2


[Site "https://www.chess.com"]